 Dungeon Crawl Stone Soup version 0.28.0-43-g3370ac3207 (webtiles) character file.

Game seed: 6304932173430107475

301 xzight the Skirmisher (level 6, -4/39 HPs)
             Began as a Gargoyle Fighter on Mar 7, 2022.
             Slain by an ogre
             ... wielding a +0 giant club
              (22 damage)
             ... on level 4 of the Dungeon.
             The game lasted 00:04:44 (3752 turns).

xzight the Skirmisher (Gargoyle Fighter)            Turns: 3752, Time: 00:04:45

Health: -4/39      AC: 11    Str: 21    XL:     6   Next: 37%
Magic:  6/6        EV:  9    Int:  9    God:
Gold:   18         SH:  4    Dex:  9    Spells: 5/5 levels left

rFire   . . .      SeeInvis .   a - +0 war axe
rCold   . . .      Faith    .   c - +0 buckler
rNeg    + . .      Spirit   .   b - +0 scale mail
rPois   ∞          Reflect  .   (no helmet)
rElec   +          Harm     .   (no cloak)
rCorr   .          Rampage  .   (no gloves)
Will    .....                   (no boots)
Stlth   ..........              (no amulet)
HPRegen 0.13/turn               (no ring)
MPRegen 0.10/turn               (no ring)

@: no status effects
A: sickness immunity, AC +4, negative energy resistance 1, electricity
resistance, torment resistance 1, petrification resistance
a: no special abilities


You were on level 4 of the Dungeon.
You visited 1 branch of the dungeon, and saw 4 of its levels.

You collected 132 gold pieces.
You spent 114 gold pieces at shops.


Innate Abilities, Weirdness & Mutations

You are immune to sickness and miasma.
Your stone body is resilient. (AC +4)
You are immune to poison.
You resist negative energy. (rN+)
You are resistant to electric shocks. (rElec)
You are resistant to unholy torment.
You are immune to petrification.


   Skills:
 + Level 4.5 Fighting
 * Level 3.9 Axes
 + Level 4.5 Armour
 + Level 4.4 Shields


You had 5 spell levels left.
You didn't know any spells.
Your spell library contained the following spells:

 Spells                   Type           Power      Damage    Failure   Level
 Gell's Gravitas          Tloc           0%         N/A       99%         3
 Teleport Other           Tloc           0%         N/A       99%         3
 Dispersal                Tloc           0%         N/A       100%        6

Inventory:

Hand Weapons
 a - a +0 war axe (weapon)
Armour
 b - a +0 scale mail (worn)
 c - a +0 buckler (worn)
Scrolls
 e - a scroll of enchant armour {unknown}
 f - 2 scrolls of blinking
 g - a scroll of vulnerability {unknown}
 i - a scroll of acquirement {unknown}
 m - a scroll of silence {unknown}
 n - a scroll of summoning {unknown}
 o - a scroll of teleportation {unknown}
Potions
 d - a potion of might
 h - a potion of haste {unknown}
 j - a potion of mutation {unknown}
 k - a potion of curing {unknown}
 l - a potion of heal wounds {@q2}
 p - a potion of degeneration {unknown}

Dungeon Overview and Level Annotations

Branches:
Dungeon (4/15)
 Temple: D:4-7

Altars:

Shops:
D:3

[?? .....
##..............
.P....##...............
.#...................#
.#... #...<.........##
.....###..............#.
##..#.#.................
........................
........................
...).......#..##@†......
.#.....###.#.##..O...###
.#†....###........K.##
........>...##........
............###....#(..#
.........).........##...
...)........####.#.# ...
#..#<.......# ###.# ..
...##.......###


You could see an ogre and a kobold.


Message History

Search for what [Enter for "altar", or ? for help]? temple Can't find anything matching that.
You slash the ogre!
The ogre is heavily wounded.
You completely miss the ball python. The ogre closely misses you.
The ball python bites you. You block the ball python's attack.
You slash the ogre!
The ogre is severely wounded.
You hit the ball python.
You kill the ball python!
You block the ogre's attack.
You barely miss the ogre.
The ogre is severely wounded.
The ogre barely misses you.
A kobold comes into view. It is wielding a +0 whip.
You hit the ogre but do no damage.
The ogre is severely wounded.
The ogre closely misses you.
You hit the ogre.
The ogre is almost dead.
The ogre misses you.
You barely miss the ogre.
The ogre is almost dead.
The ogre hits you with a +0 giant club! x2
* * * LOW HITPOINT WARNING * * *
You hit the ogre.
The ogre is almost dead.
The ogre hits you with a +0 giant club!!
Ouch! That really hurt!
You die...

Skill      XL: |  1  2  3  4 |
---------------+-------------+-----
Axes           | 2 3 |  3.9
Armour         | 4 |  4.5
Fighting       | 4 |  4.5
Shields        | 4 |  4.4

Action                   |  1- 3 |  4- 6 || total
-------------------------+-------+-------++-------
Melee: War axe           |    97 |   176 ||   273
  Use: Scroll            |       |     1 ||     1
Armor: Scale mail        |    62 |   100 ||   162
Dodge: Dodged            |    44 |    87 ||   131
Block: Buckler           |    25 |    49 ||    74

Levels and vault maps discovered:
D:1:      mrwooster_arrival_statue_3, layout_basic,
          shapermc_ecumenical_altar_pompeii, minmay_small_reverse_x
D:2:      minmay_thinvault, layout_basic
D:3:      layout_loops_corners, serial_shops, nicolae_shop_crystal, shop,
          nicolae_shop_trees
D:4:      cheibrodos_old_hovel, layout_cave_pools

Notes
Turn   | Place    | Note
-------+----------+-------------------------------------------
     0 | D:1      | xzight the Gargoyle Fighter began the quest for the Orb.
     0 | D:1      | Reached XP level 1. HP: 14/14 MP: 1/1
   191 | D:1      | Reached skill level 2 in Axes
   193 | D:1      | Reached XP level 2. HP: 8/19 MP: 2/2
   452 | D:1      | Found a faded altar of an unknown god.
   605 | D:1      | Reached XP level 3. HP: 23/23 MP: 3/3
  1391 | D:2      | Reached XP level 4. HP: 26/29 MP: 4/4
  2185 | D:2      | Reached skill level 3 in Axes
  2368 | D:3      | Reached skill level 4 in Armour
  2457 | D:3      | Reached skill level 4 in Fighting
  2457 | D:3      | Reached skill level 4 in Shields
  2461 | D:3      | Reached XP level 5. HP: 29/33 MP: 5/5
  2666 | D:3      | Found Sopimp's Magic Scroll Emporium.
  2691 | D:3      | Bought a scroll of blinking for 90 gold pieces
  2691 | D:3      | Bought a scroll of identify for 24 gold pieces
  2816 | D:3      | Found Deekuf's Armour Boutique.
  3039 | D:3      | Found Pengeokk's Magic Scroll Boutique.
  3304 | D:4      | Noticed an ogre
  3579 | D:4      | Reached XP level 6. HP: 29/39 MP: 6/6
  3752 | D:4      | Slain by an ogre

Vanquished Creatures
  A scorpion (D:4)
  A water moccasin skeleton (D:4)
  A bullfrog skeleton (D:4)
  6 adders
  A gnoll (D:1)
  2 worms
  2 dart slugs
  7 bats
  9 endoplasms
  5 giant cockroaches
  11 goblins
  8 hobgoblins
  2 jackals (D:1)
  3 quokkas
  8 ball pythons
  2 frilled lizards
  13 kobolds
  6 rats
88 creatures vanquished.

Vanquished Creatures (others)
  3 plants (D:4)
3 creatures vanquished.

Grand Total: 91 creatures vanquished

Table legend: (Time is in decaauts)
 A = Elapsed time spent in this place.
 B = Non-inter-level travel time spent in this place.
 C = Inter-level travel time spent in this place.
 D = Time resting spent in this place.
 E = Time spent auto-exploring this place.
 F = Levels seen in this place.
 G = Mean time per level.
                   A        B        C        D        E       F      G
               +--------+--------+--------+--------+--------+-----+--------+
         Total |   3859 |   3670 |    189 |    704 |   2260 |   4 |  964.8 |
       Dungeon |   3859 |   3670 |    189 |    704 |   2260 |   4 |  964.8 |
               +--------+--------+--------+--------+--------+-----+--------+

Top non-repeatable levels by time:
     D:2: 1409 daAuts
     D:3: 1158 daAuts
     D:1: 945 daAuts
     D:4: 345 daAuts

Table legend:
 A = Non-vault XP
 B = Vault XP
 C = Vault XP percentage of total XP
 D = Non-vault monster count
 E = Vault monster count
 F = Vault count percentage of total count
                 A         B        C        D         E       F
            +---------+---------+-------+---------+---------+-------
      Total |     395 |      35 |   8.1 |      68 |      20 |  22.7
            +---------+---------+-------+---------+---------+-------
        D:1 |      45 |       7 |  13.5 |      19 |       4 |  17.4
        D:2 |      58 |      27 |  31.8 |      20 |      15 |  42.9
        D:3 |      67 |       0 |   0.0 |      17 |       0 |   0.0
        D:4 |     225 |       1 |   0.4 |      12 |       1 |   7.7
            +---------+---------+-------+---------+---------+-------
